 Dungeon Crawl Stone Soup version 0.28.0-43-g3370ac3207 (webtiles) character file.

Game seed: 2895441229731169775

61 issech the Cudgeller (level 3, 0/36 HPs)
             Began as a Troll Monk on Mar 29, 2022.
             Slain by a gnoll
             ... wielding a +0 whip
              (2 damage)
             ... on level 2 of the Dungeon.
             The game lasted 00:07:38 (1733 turns).

issech the Cudgeller (Troll Monk)                   Turns: 1733, Time: 00:07:39

Health: 0/36       AC:  4    Str: 19    XL:     3   Next: 83%
Magic:  2/2        EV: 10    Int:  6    God:
Gold:   40         SH:  0    Dex: 14    Spells: 2/2 levels left

rFire   . . .      SeeInvis .   n - +0 flail
rCold   . . .      Faith    .   (no shield)
rNeg    . . .      Spirit   .   b - +0 robe
rPois   .          Reflect  .   (helmet restricted)
rElec   .          Harm     .   (no cloak)
rCorr   .          Rampage  .   (gloves unavailable)
Will    .....                   (boots unavailable)
Stlth   ++........              (no amulet)
HPRegen 0.92/turn               (no ring)
MPRegen 0.08/turn               (no ring)

@: no status effects
A: large, unfitting armour, claws 3, regeneration 1, shaggy fur 1, tough skin 1
a: no special abilities


You were on level 2 of the Dungeon.
You visited 1 branch of the dungeon, and saw 2 of its levels.

You collected 40 gold pieces.

Inventory:

Hand Weapons
 a - a +0 mace
 n - a +0 flail (weapon)
Missiles
 c - 56 stones (quivered)
 d - 54 arrows
Armour
 b - a +0 robe (worn)
Jewellery
 l - a +4 ring of protection
Scrolls
 f - a scroll of magic mapping
 j - 3 scrolls of teleportation
 m - a scroll of torment {unknown}
Potions
 e - a potion of flight {unknown}
 g - a potion of might {unknown}
 h - a potion of invisibility
 i - a potion of curing {unknown}
 k - 2 potions of attraction {unknown}


   Skills:
 + Level 2.8 Fighting
 + Level 3.5 Maces & Flails
 + Level 2.9 Dodging
 + Level 1.1 Stealth


You had 2 spell levels left.
You didn't know any spells.
Your spell library was empty.

Dungeon Overview and Level Annotations

Branches:
Dungeon (2/15)

Altars:

Shops:
D:1 [   D:2 ((=


Innate Abilities, Weirdness & Mutations

You are too large for most types of armour.
You have claws for hands.
Your natural rate of healing is unusually fast.
You are covered in fur. (AC +1)
You have tough skin. (AC +1)


Message History

You see here a +0 dagger.
You see here a +0 whip.
The gnoll shouts!
You hear a shout!
You sock the gnoll!
The gnoll is heavily wounded.
The gnoll hits you with a +0 flail.
The gnoll shouts!
You hit the gnoll.
The gnoll is almost dead.
The gnoll hits you with a +0 flail.
You hit the gnoll.
You kill the gnoll!
The worm bites you but does no damage.
Things that are here:
a +0 flail; a gnoll corpse
n - a +0 flail The worm bites you!
n - a +0 flail (weapon)
The gnoll misses you.
You hit the worm but do no damage. The gnoll hits you but does no damage.
The worm closely misses you.
You sock the worm!
The worm is heavily wounded.
The gnoll hits you from afar with a +0 spear.
You hit the worm.
The worm is severely wounded.
The gnoll hits you from afar with a +0 spear.
The worm barely misses you.
You hit the worm.
The worm is severely wounded.
The gnoll hits you from afar with a +0 spear!
The worm bites you but does no damage.
The gnoll hits you from afar with a +0 spear.
* * * LOW HITPOINT WARNING * * *
You thump the worm!
You kill the worm!
The gnoll hits you from afar with a +0 spear!
* * * LOW HITPOINT WARNING * * *
The gnoll hits you with a +0 whip.
You die...

...........# ### #...........
...........#######.###....#######
......<..........................
...........###'###.###.....##.###
.................#.# #.....##.#..
##########.......#.# #.....##....
#....g..#.# #.....##.###
###8.8g8#.# #.....##.#
#.⌠.⌠@..######..##.###
#8.∩.8................ #
#.⌠.⌠.#..######.##.#.. .
#8.8.8#..######....... #
#.#.###.###..............)
....................##.###
...#.##.###..######.##.# ####..
#.. #.# #..# #.##.## ......# #.#
#†# #..# #.....#


You could see 2 gnolls.

Vanquished Creatures
  A gnoll (D:2)
  2 worms (D:2)
  4 ball pythons
  3 endoplasms
  2 giant cockroaches
  3 goblins
  5 hobgoblins
  5 jackals
  3 quokkas
  4 bats
  5 frilled lizards
  2 kobolds
  10 rats
49 creatures vanquished.

Notes
Turn   | Place    | Note
-------+----------+-------------------------------------------
     0 | D:1      | issech the Troll Monk began the quest for the Orb.
     0 | D:1      | Reached XP level 1. HP: 22/22 MP: 0/0
   245 | D:1      | Reached XP level 2. HP: 27/29 MP: 1/1
   366 | D:1      | Reached skill level 3 in Maces & Flails
   459 | D:1      | Found Kohuverir's Armour Boutique.
   980 | D:2      | Reached XP level 3. HP: 33/36 MP: 2/2
   993 | D:2      | Found Roschex's Antique Weapon Boutique.
  1102 | D:2      | Found Ineadenu's Jewellery Shop.
  1292 | D:2      | Found Buot's Antique Weapon Emporium.
  1733 | D:2      | Slain by a gnoll

Illustrated notes

Levels and vault maps discovered:
D:1:      mrwooster_arrival_arrow, layout_basic, serial_shops,
          nicolae_square_shop, minmay_misc_feat_five, minmay_tree_intersection
D:2:      layout_basic, serial_shops, shop, nicolae_shop_stone,
          nicolae_shop_temple_entry_statues_fountains, nicolae_shop_crystal

Skill      XL: |  1  2 |
---------------+-------+-----
Maces & Flails | 3 |  3.5
Fighting       | |  2.8
Dodging        | |  2.9
Stealth        | |  1.1

Action                   || total
-------------------------++-------
Melee: Mace              ||   139
       Flail             ||     5
       Punch             ||     2
  Use: Scroll            ||     2
 Stab: Sleeping          ||     4
Armor: Robe              ||    55
Dodge: Dodged            ||    77
